Map: Coda EC

Players

ShadowStorM - Winner!

  • Race: Zerg Zerg
  • League: Grandmaster

AgCl

  • Race: Protoss Protoss
  • League: Grandmaster

VOD

Have the link to the VOD?

Description

Time

  • Played on: July 2, 2015, 6:10 p.m.
  • Length: 6:46
Show
View Real Time Build Order
Export as new Build Order

ShadowStorM Zerg - Winner!

Build Orders: Hatch First 

Get SALT Encoding   

  12  0:09  Drone  
  12  0:12  Drone  
  14  0:18  Overlord  
  14  0:27  Drone, Extractor  
  15  0:37  Drone  
  16  0:47  Drone  
  17  0:58  Hatchery  
  17  0:59  Drone  
  17  1:04  Drone  
  18  1:21  Drone  
  18  1:24  Spawning Pool  
  18  1:27  Drone  
  19  1:35  Drone  
  20  1:46  Drone  
  21  1:57  Overlord  
  21  2:12  Queen x2  
  21  2:13  Zergling x4  
  27  2:18  Spine Crawler  
  27  2:21  Zergling x4  
  28  2:27  Extractor  
  27  2:31  Drone  
  27  2:32  Drone  
  29  2:46  Drone x2  
  32  2:58  Drone x2  
  34  3:04  Overlord  
  35  3:05  Drone  
  35  3:14  Hatchery  
  34  3:22  Drone x2  
  34  3:23  Drone x3  
  34  3:24  Overlord x2  
  34  3:25  Drone x2  
  34  3:26  Drone  
  42  3:46  Drone x3  
  42  3:47  Drone  
  46  3:48  Extractor  
  45  4:00  Drone  
  46  4:08  Spore Crawler  
  45  4:12  Spore Crawler  
  33  4:36  Drone x3  
  33  4:38  Drone x2  
  37  4:39  Drone  
  37  4:40  Drone x3  
  37  4:44  Lair  
  37  4:45  Metabolic Boost  
  40  4:52  Queen  
  42  5:02  Drone  
  43  5:07  Queen  
  43  5:09  Overlord x2  
  43  5:12  Spore Crawler  
  44  5:39  Drone x5  
  44  5:40  Drone x5  
  54  5:53  Drone  
  54  5:55  Drone x5  
  60  6:12  Zergling x6  
  60  6:13  Zergling x12  
  65  6:29  Drone  
  65  6:30  Hydralisk Den  
Show
View Real Time Build Order
Export as new Build Order

AgCl Protoss 

Build Orders: Oracle Opening 

Get SALT Encoding   

  12  0:17  Pylon  
  12  0:29  Probe  
  13  0:36  Gateway  
  13  0:41  Probe  
  14  0:53  Probe  
  15  1:00  Assimilator  
  15  1:05  Probe  
  16  1:17  Probe  
  17  1:26  Zealot (Chrono Boost)  
  17  1:29  Probe  
  17  1:31  Assimilator  
  20  1:41  Cybernetics Core, Probe  
  21  1:53  Probe (Chrono Boost)  
  22  2:06  Pylon  
  22  2:25  Stargate  
  22  2:26  Probe (Chrono Boost)  
  23  2:36  Probe (Chrono Boost)  
  24  2:43  Probe  
  23  2:48  Nexus  
  23  2:55  Probe (Chrono Boost)  
  24  3:05  Probe (Chrono Boost)  
  25  3:11  Oracle (Chrono Boost)  
  28  3:13  Probe (Chrono Boost)  
  29  3:32  Pylon  
  30  3:53  Mothership Core (Chrono Boost)  
  30  3:55  Pylon  
  32  3:59  Oracle  
  32  4:00  Probe  
  36  4:13  Probe (Chrono Boost)  
  36  4:14  Probe (Chrono Boost)  
  38  4:25  Probe (Chrono Boost)  
  40  4:31  Probe (Chrono Boost)  
  40  4:34  Pylon  
  40  4:35  Adept  
  40  4:37  Fleet Beacon  
  40  4:47  Nexus  
  40  5:03  Cybernetics Core  
  40  5:08  Assimilator  
  40  5:13  Pylon  
  40  5:31  Probe  
  41  5:39  Graviton Catapult  
  41  5:47  Stargate  
  41  5:51  Probe  
  48  6:04  Probe  
  46  6:13  Probe  
  42  6:26  Probe  
  42  6:30  Gateway  
  42  6:32  Probe  
  42  6:38  Assimilator  
Tags
 
Add a new tag
Caveats
  • Supply blocks, unpowered buildings, or Contaminate may cause inaccurate times.
  • Supply counts are checked every 10 seconds.